 Dungeon Crawl Stone Soup version 0.26-a0-612-gd4d190f45e (webtiles) character file.

Game seed: 7159123698426332882

267 Gottschkopf the Insei (level 6, -1/47 HPs)
             Began as a Draconian Transmuter on Sept 9, 2020.
             Was an Initiate of Sif Muna.
             Killed by nerve-wracking pain
             ... invoked by a shadow imp
              (11 damage)
             ... on level 3 of the Dungeon.
             The game lasted 00:06:34 (2993 turns).

Gottschkopf the Insei (Draconian Transmuter)        Turns: 2993, Time: 00:06:34

Health: -1/47      AC:  7    Str: 12    XL:     6   Next: 0%
Magic:  9/9        EV: 12    Int: 15    God:    Sif Muna [......]
Gold:   145        SH:  0    Dex: 12    Spells: 5/9 levels left

rFire    . . .     SeeInvis .     - Unarmed
rCold    . . .     Faith    .   (no shield)
rNeg     . . .     Spirit   .   (armour unavailable)
rPois    +         Reflect  .   (helmet restricted)
rElec    .         Harm     .   (no cloak)
rCorr    .                      m - +0 pair of gloves
MR       .....                  (no boots)
Stlth    +.........             (no amulet)
HPRegen  0.15/turn              p - ring of poison resistance
MPRegen  0.11/turn              (no ring)

@: no status effects
A: unfitting armour, cold-blooded, AC +6
a: Renounce Religion


You were on level 3 of the Dungeon.
You worshipped Sif Muna.
Sif Muna was noncommittal.
You visited 1 branch of the dungeon, and saw 4 of its levels.

You collected 145 gold pieces.

Inventory:

Armour
 m - a +0 pair of gloves (worn)
Jewellery
 p - a ring of poison resistance (left hand)
Wands
 r - a wand of flame (17)
Scrolls
 a - 2 scrolls of remove curse {unknown}
 d - a scroll of enchant weapon {unknown}
 e - 2 scrolls of noise {unknown}
 f - 2 scrolls of teleportation {unknown}
 i - 6 scrolls of identify {unknown}
 k - a scroll of fear {unknown}
 l - a scroll of fog {unknown}
 n - a scroll of random uselessness {unknown}
 o - 2 scrolls of amnesia {unknown}
 q - a scroll of blinking {unknown}
Potions
 b - 2 potions of haste {unknown}
 c - a potion of brilliance {unknown}
 g - 2 potions of berserk rage {unknown}
 h - a potion of might {unknown}
 j - a potion of flight {unknown}


   Skills:
 - Level 1.1 Fighting
 - Level 1.7 Dodging
 - Level 5.0 Unarmed Combat
 - Level 2.0 Spellcasting
 * Level 4.1 Transmutations
 + Level 2.3 Poison Magic


You had 5 spell levels left.
You knew the following spells:

 Your Spells              Type           Power        Failure   Level
a - Beastly Appendage     Tmut           ##....       4%          1
b - Spider Form           Tmut/Pois      ##........   19%         3

Your spell library contained the following spells:

 Spells                   Type           Power        Failure   Level
 Wereblood                Tmut           ##......     6%          2
 Ice Form                 Ice/Tmut       #.......     67%         4
 Blade Hands              Tmut           ##........   75%         5


Dungeon Overview and Level Annotations

Branches:
Dungeon (4/15)
 Temple: D:4-7

Altars:
Cheibriados
Dithmenos
Okawaru
Ru
Sif Muna
Wu Jian


Innate Abilities, Weirdness & Mutations

Your plain brown scales are hard. (AC +6)
You cannot fit into any form of body armour.
You are cold-blooded and may be slowed by cold attacks.


Message History

Your experience leads to an increase in your attributes!
Increase (S)trength, (I)ntelligence, or (D)exterity?
You feel clever.
Your scales feel tougher.
p - a ring of poison resistance (left hand)
You enter the shallow water.
Moving in this stuff is going to be slow.
The shadow imp gestures at you. Pain shoots through your body!
The shadow imp gestures at you. Pain shoots through your body!
Found 14 gold pieces.
There is a fountain of clear blue water here.
You enter the shallow water.
Moving in this stuff is going to be slow.
The shadow imp gestures at you. Pain shoots through your body!
* * * LOW HITPOINT WARNING * * *
The shadow imp gestures at you. Pain shoots through your body!
You die...

#.####......#P.....P#.#
..# ##.....####'####.#
#######.....#)≈...≈.#.#
..........#.≈...≈.#.#
.##...#...#.≈≈≈≈≈.#.#
#.......#.≈≈⌠≈≈.#.#
.........#.≈P≈≈≈.#.#
.#........#.≈...≈.#.#
.........r#5≈.@.≈5#.#
..##.#....####+####.#
#.#....#≈..)..≈#.#
...#8P$ $P8#.# #..####
####.# #...... .....#
....... ...#.# .......
...#.#


You could see 2 shadow imps and a rat.

Vanquished Creatures
  Blork the orc (D:4)
  A hound (D:4)
  An orc priest (D:3)
  A worker ant (D:4)
  5 adders
  An ooze (D:2)
  A worm (D:4)
  3 dart slugs
  A leopard gecko (D:2)
  A giant cockroach (D:2)
  6 goblins
  7 hobgoblins
  7 jackals
  6 kobolds
  2 quokkas (D:2)
  2 ball pythons (D:2)
  3 bats
  3 frilled lizards
  A quokka skeleton (D:4)
  5 rats
58 creatures vanquished.

Notes
Turn   | Place    | Note
-------+----------+-------------------------------------------
     0 | D:1      | Gottschkopf the Draconian Transmuter began the quest for
                  | the Orb.
     0 | D:1      | Reached XP level 1. HP: 16/16 MP: 3/3
   207 | D:1      | Reached XP level 2. HP: 23/23 MP: 3/5
   484 | D:1      | Reached skill level 4 in Unarmed Combat
   727 | D:1      | Reached XP level 3. HP: 26/28 MP: 4/6
  1436 | D:2      | Found a shadowy altar of Dithmenos.
  1469 | D:2      | Reached skill level 5 in Unarmed Combat
  1469 | D:2      | Reached XP level 4. HP: 35/35 MP: 5/7
  1570 | D:2      | Learned a level 3 spell: Spider Form
  1638 | D:2      | You fall into a shaft and drop 2 floors!
  1766 | D:4      | Found a snail-covered altar of Cheibriados.
  1767 | D:4      | Found an ornate altar of the Wu Jian Council.
  1767 | D:4      | Found an iron altar of Okawaru.
  1779 | D:4      | Found a shimmering blue altar of Sif Muna.
  1884 | D:4      | Found a sacrificial altar of Ru.
  2081 | D:4      | Noticed Blork the orc
  2095 | D:4      | Killed Blork the orc
  2095 | D:4      | Reached skill level 1 in Poison Magic
  2095 | D:4      | Reached XP level 5. HP: 25/40 MP: 2/8
  2146 | D:4      | Became a worshipper of Sif Muna the Loreminder
  2423 | D:3      | Found a transporter.
  2985 | D:3      | Reached XP level 6. HP: 40/47 MP: 9/9
  2993 | D:3      | Killed from afar by a shadow imp

Illustrated notes

Levels and vault maps discovered:
D:1:      wheals_arrival_linesprint, layout_basic
D:2:      layout_rooms, nicolae_dithmenos_shadow_blocks
D:3:      gammafunk_wand_slinger, layout_rooms,
          grunt_temple_overflow_forces_of_nature, tgw_trog, lemuel_round_altar
D:4:      layout_loops_corners, yredelemnul_forgotten_temple_becter,
          nicolae_ru_sacrificial_ziggurat, nicolae_overflow_quartered_altars,
          uniq_blork_the_orc

Skill      XL: |  1  2  3  4  5 |
---------------+----------------+-----
Unarmed Combat | 4 5 |  5.0
Transmutations | 3 4 |  4.1
Poison Magic   | 1 2 |  2.3
Fighting       | |  1.1
Dodging        | |  1.7
Spellcasting   | |  2.0

Action                   |  1- 3 |  4- 6 || total
-------------------------+-------+-------++-------
Melee: Unarmed           |    95 |    58 ||   153
       Kick              |    16 |     4 ||    20
       Headbutt          |    12 |     2 ||    14
       Tailslap          |    10 |     4 ||    14
       Punch             |     2 |     2 ||     4
 Cast: Beastly Appendage |    24 |    10 ||    34
       Spider Form       |       |     2 ||     2
Evoke: Wand              |       |     7 ||     7
Armor: Skin              |    35 |    17 ||    52
Dodge: Dodged            |    79 |    33 ||   112

Table legend: (Time is in decaauts)
 A = Elapsed time spent in this place.
 B = Non-inter-level travel time spent in this place.
 C = Inter-level travel time spent in this place.
 D = Time resting spent in this place.
 E = Time spent auto-exploring this place.
 F = Levels seen in this place.
 G = Mean time per level.
                   A        B        C        D        E       F      G
               +--------+--------+--------+--------+--------+-----+--------+
         Total |   2981 |   2821 |    160 |    254 |   1959 |   4 |  745.2 |
       Dungeon |   2981 |   2821 |    160 |    254 |   1959 |   4 |  745.2 |
               +--------+--------+--------+--------+--------+-----+--------+

Top non-repeatable levels by time:
     D:1: 1114 daAuts
     D:2: 841 daAuts
     D:4: 780 daAuts
     D:3: 244 daAuts
